 Dungeon Crawl Stone Soup version 0.23.2-1-ga50397a6bc (webtiles) character file.

Game seed: 3829120199440536570

13555 CrazyMind the Severer (level 12, -10/153 HPs)
             Began as a Hill Orc Monk on Apr 14, 2019.
             Was an Elder of Makhleb.
             Mangled by a redback (19 damage)
             ... in a Gauntlet.
             The game lasted 01:30:15 (14124 turns).

CrazyMind the Severer (Hill Orc Monk)              Turns: 14124, Time: 01:30:16

Health: -10/153    AC: 26    Str: 19    XL:     12   Next: 7%
Magic:  20/20      EV:  2    Int: 10    God:    Makhleb [****..]
Gold:   850        SH:  0    Dex: 13    Spells: 11/11 levels left

rFire    . . .     SeeInvis .   n - +0 battleaxe
rCold    . . .     Gourm    .   (shield currently unavailable)
rNeg     + + +     Faith    .   (armour currently unavailable)
rPois    +         Spirit   .   (helmet currently unavailable)
rElec    .         Reflect  .   (cloak currently unavailable)
rCorr    .         Harm     .   (gloves currently unavailable)
MR       .....     NoTele   +   (boots currently unavailable)
Stlth    ++........             F - amulet of regeneration
HPRegen  0.75/turn              p - ring of poison resistance
MPRegen  0.17/turn              (no ring)

@: lethally poisoned (-10 -> -20), tree-form, hasted, very quick
A: no striking features
a: Minor Destruction, Lesser Servant of Makhleb, Major Destruction, Renounce
Religion


You were in a Gauntlet.
You worshipped Makhleb.
Makhleb was greatly pleased with you.
You were not hungry.
You were a tree.
You visited 3 branches of the dungeon, and saw 12 of its levels.
You also visited: Ossuary, Bailey and Gauntlet.

You collected 850 gold pieces.

Inventory:

Hand Weapons
 n - a +0 battleaxe (weapon)
 q - the +7 hand axe of Fate {drain, *Rage rPois Str+2}
   (You took it off a hobgoblin in a bailey)

   A truly terrible weapon, it drains the life of those it strikes.
   It affects your strength (+2).
   It protects you from poison.
   It may make you go berserk in combat.
 N - the +11 whip of the Magi {freeze, Int+6 Dex-4}
   (You found it on level 6 of the Dungeon)

   It has been specially enchanted to freeze those struck by it, causing extra
   injury to most foes and up to half again as much damage against particularly
   susceptible opponents.
   It can also slow down cold-blooded creatures.
   It affects your intelligence (+6).
   It affects your dexterity (-4).
Missiles
 r - 11 tomahawks (quivered)
 P - 2 tomahawks of dispersal
Armour
 d - a +0 pair of gloves (melded)
 h - a +4 scale mail (melded)
 u - a +0 cloak (melded)
 A - a cursed +0 pair of boots (melded)
 B - a +1 leather armour of cold resistance
 G - a +2 leather armour of positive energy
 S - a +0 helmet (melded)
Jewellery
 e - the ring of Lyaty {*Corrode rPois MR+ Dex+5}
   (You found it in a Gauntlet)

   [ring of poison resistance]

   It affects your dexterity (+5).
   It protects you from poison.
   It affects your resistance to hostile enchantments.
   It may corrode you when you take damage.
 p - a ring of poison resistance (left branch)
 v - an uncursed amulet of magic regeneration
 F - an amulet of regeneration (around neck)
Wands
 y - a wand of iceblast (8)
 D - a wand of flame (21)
 I - a wand of polymorph (9)
Scrolls
 a - a scroll of identify
 b - 8 scrolls of remove curse
 g - a scroll of acquirement
 s - 3 scrolls of teleportation
 z - a scroll of fear {unknown}
 E - 3 scrolls of fog
Potions
 f - 2 potions of magic
 l - 2 potions of curing
 m - 3 potions of flight
 o - 3 potions of lignification
 w - 3 potions of mutation
 x - 2 potions of brilliance
 J - a potion of cancellation
 M - a potion of ambrosia
Comestibles
 c - 18 rations


   Skills:
 + Level 8.2 Fighting
 * Level 16.0 Axes
 * Level 8.8 Armour
 + Level 3.6 Dodging
 - Level 2.1 Stealth
 * Level 11.9 Invocations


You had 11 spell levels left.
You didn't know any spells.
Your spell library contained the following spells:

 Spells                   Type           Power        Failure   Level  Hunger
 Apportation              Tloc           #.....       36%         1    ##.....
 Confusing Touch          Hex            #.....       36%         1    ##.....
 Sting                    Conj/Pois      #...         36%         1    ##.....
 Summon Butterflies       Summ           #.......     36%         1    ##.....
 Poisonous Vapours        Pois/Air       #.....       50%         2    ###....
 Confuse                  Hex            #.......     75%         3    ####...
 Gell's Gravitas          Tloc           #.........   75%         3    ####...
 Lesser Beckoning         Tloc           #.........   75%         3    ####...
 Mephitic Cloud           Conj/Pois/Air  #.......     75%         3    ####...
 Tukima's Dance           Hex            #.......     75%         3    ####...
 Olgreb's Toxic Radiance  Pois           #.......     98%         4    #####..
 Petrify                  Tmut/Erth      #.......     98%         4    #####..
 Alistair's Intoxication  Tmut/Pois      #.......     100%        5    ######.
 Metabolic Englaciation   Hex/Ice        #.........   100%        5    ######.
 Venom Bolt               Conj/Pois      #.........   100%        5    ######.
 Yara's Violent Unravell  Hex/Tmut       #.........   100%        5    ######.
 Invisibility             Hex            #.......     100%        6    #######


Dungeon Overview and Level Annotations

Branches:
Dungeon (9/15)             Temple (1/1) D:6            Lair (2/6) D:8
  Swamp: Lair:2-4    Shoals: Lair:2-4     Snake: Lair:2-4    Spider: Lair:2-4
    Orc: D:9-12

Altars:
Ashenzari
Cheibriados
Dithmenos
Elyvilon
Fedhas
Gozag
Hepliaklqana
Kikubaaqudgha
Makhleb
Nemelex Xobeh
Okawaru
Qazlal
Ru
Sif Muna
Trog
Uskayaw
Vehumet
Wu Jian
Xom
Yredelemnul
Zin
The Shining One
Beogh

Shops:
D:8 *

Annotations:
Gauntlet 9 transporters, 2 runed translucent doors, exclusion: orange crystal statue


Message History

* * * LOW HITPOINT WARNING * * *
The redback bites you.
* * * LOW HITPOINT WARNING * * *
You are poisoned.
The redback poisons you! The redback barely misses you. The redback bites you!
* * * LOW HITPOINT WARNING * * *
The redback bites you!
* * * LOW HITPOINT WARNING * * *
The redback bites you but does no damage.
You feel yourself speed up.
* * * LOW HITPOINT WARNING * * *
You feel very sick.
The redback burns!
The redback bites you.
* * * LOW HITPOINT WARNING * * *
The redback barely misses you. The redback bites you.
* * * LOW HITPOINT WARNING * * *
The moth of wrath goads the redback on!
The redback goes berserk!
The moth of wrath goads the redback on!
The redback goes berserk!
The redback completely misses you. The redback bites you!!
You die...

.#.©.#....8...#.8.#...8.##
.#...#........#.©.#......##
.#.©.#.....###########...≈#
########...#...#.#...#...##
.....ZZ#...#..#...#..#...≈#
###.####...#.##.y.##.#...##
..#.#..#...##..#s#..##...≈#
.##Z##.#.8.#...sss...#.8.##
.#...#.#...##..#♣#..##...≈#
Z#...#.#...#.#######.#...##
ZZ[©?..#...#y.#...#..#...≈#
########...#ss/)©[...#...##
...........###########...≈#
...8.....8...............##
................8......8.≈#
########≈#....§.§........##
.......####≈#≈#≈#≈#≈#≈#≈##


You could see a moth of wrath and 4 redbacks.

Vanquished Creatures
  A centaur warrior (D:9)
  A hell hog (Gauntlet)
  2 orc knights (Bailey)
  An orc sorcerer (Bailey)
  Joseph (D:8)
  A spiny frog (Lair:1)
  A kobold demonologist (Bailey)
  2 komodo dragons (Lair:1)
  3 hippogriffs (D:9)
  A wyvern (D:7)
  3 fire bats (Gauntlet)
  16 yaks
  A hell hound (Gauntlet)
  3 water moccasins (Lair:1)
  A porcupine (Lair:1)
  A black bear (D:9)
  4 sky beasts
  2 phantoms
  2 ice beasts (D:7)
  14 orc warriors
  4 ogres
  3 bullfrogs
  A gnoll sergeant (D:5)
  A water moccasin zombie (D:9)
  5 scorpions
  9 wights
  4 electric eels (Bailey)
  2 howler monkeys (D:8)
  2 crimson imps
  3 centaur zombies
  A human zombie (Ossuary)
  3 jellies
  5 quasits
  A bullfrog zombie (D:9)
  6 orc priests
  8 hounds
  A centaur skeleton (D:5)
  15 orc wizards
  A bullfrog skeleton (D:4)
  Jessica (D:3)
  4 iguanas
  6 worker ants
  2 hound skeletons
  3 mummies (Ossuary)
  9 gnolls
  8 adders
  2 shadow imps
  An ooze (D:4)
  2 adder zombies
  4 worms
  A dart slug (D:1)
  4 leopard geckos
  40 orcs
  5 ball pythons
  7 bats
  6 giant cockroaches
  16 hobgoblins
  17 jackals
  5 quokkas
  6 frilled lizards
  16 goblins
  3 goblin zombies (Ossuary)
  A jackal skeleton (D:5)
  7 kobolds
  A kobold zombie (Ossuary)
  2 leopard gecko zombies
  3 orc zombies (Ossuary)
  19 rats
  3 fungi (Lair:1)
340 creatures vanquished.

Vanquished Creatures (collateral kills)
  An orc knight (Bailey)
  A fire bat (Gauntlet)
  A gnoll (Bailey)
3 creatures vanquished.

Grand Total: 343 creatures vanquished

Notes
Turn   | Place    | Note
-------+----------+-------------------------------------------
     0 | D:1      | CrazyMind the Hill Orc Monk began the quest for the Orb.
     0 | D:1      | Reached XP level 1. HP: 19/19 MP: 1/1
   314 | D:1      | Reached XP level 2. HP: 27/27 MP: 2/2
   681 | D:1      | Reached skill level 5 in Axes
   707 | D:1      | Reached XP level 3. HP: 33/33 MP: 3/3
  1164 | D:2      | Found a shimmering altar of Xom.
  1399 | D:2      | Found a shadowy altar of Dithmenos.
  1409 | D:2      | Reached XP level 4. HP: 29/40 MP: 4/4
  1742 | D:2      | Reached skill level 1 in Armour
  1805 | D:2      | Reached skill level 6 in Axes
  2280 | D:3      | Noticed Jessica
  2301 | D:3      | Killed Jessica
  2301 | D:3      | Reached XP level 5. HP: 46/46 MP: 5/5
  2392 | D:3      | Found a hide-covered altar of Uskayaw.
  2914 | D:3      | Found a sacrificial altar of Ru.
  3048 | D:4      | Reached skill level 7 in Axes
  3106 | D:4      | Reached XP level 6. HP: 42/52 MP: 6/6
  3140 | D:4      | Found a bloodstained altar of Trog.
  3174 | D:4      | Found a basalt altar of Yredelemnul.
  3217 | D:4      | Found a glowing golden altar of the Shining One.
  3245 | D:4      | Reached skill level 8 in Axes
  3373 | D:4      | Reached XP level 7. HP: 16/60 MP: 7/7
  4189 | D:4      | Noticed an angel
  4211 | D:5      | Entered Level 5 of the Dungeon
  4245 | D:5      | Reached skill level 9 in Axes
  4664 | D:5      | Found a shattered altar of Ashenzari.
  5006 | D:5      | Reached XP level 8. HP: 66/67 MP: 8/8
  5029 | D:5      | Reached skill level 5 in Fighting
  5199 | D:5      | Reached skill level 10 in Axes
  5979 | D:6      | Found a staircase to the Ecumenical Temple.
  6051 | D:6      | Found a sand-covered staircase.
  6055 | Ossuary  | Entered an ossuary
  6360 | D:6      | Found a runed translucent door.
  6381 | D:6      | Reached skill level 11 in Axes
  6393 | D:6      | Got a bloodstained whip
  6402 | D:6      | Identified the +11 whip of the Magi {freeze, Int+6 Dex-4}
                  | (You found it on level 6 of the Dungeon)
  6607 | D:6      | Found a faded altar of an unknown god.
  6607 | D:6      | Found an opulent altar of Gozag.
  6615 | D:6      | Found a faded altar of an unknown god.
  6617 | D:6      | Found an ancient bone altar of Kikubaaqudgha.
  6618 | D:6      | Found a glowing silver altar of Zin.
  6792 | Temple   | Entered the Ecumenical Temple
  6946 | Temple   | Became a worshipper of Makhleb the Destroyer
  6946 | Temple   | Reached * piety under Makhleb
  6946 | Temple   | Reached ** piety under Makhleb
  7112 | D:6      | Reached skill level 1 in Invocations
  7367 | D:6      | Reached skill level 5 in Armour
  7367 | D:6      | Reached XP level 9. HP: 74/75 MP: 8/10
  7780 | D:6      | Reached skill level 12 in Axes
  7841 | D:6      | Found a roughly hewn altar of Beogh.
  7925 | D:7      | Reached skill level 5 in Invocations
  8231 | D:7      | Found a stormy altar of Qazlal.
  8860 | D:8      | Reached *** piety under Makhleb
  9060 | D:8      | Noticed Joseph
  9103 | D:8      | Killed Joseph
  9103 | D:8      | Reached XP level 10. HP: 43/83 MP: 14/16
  9227 | D:8      | Found a staircase to the Lair.
  9434 | D:8      | Found Noxuzetu's Assorted Antiques.
  9588 | D:8      | Found a sparkling altar of Nemelex Xobeh.
  9880 | D:9      | Reached skill level 13 in Axes
  9968 | D:9      | Found a flagged portal.
  9978 | Bailey   | Entered a bailey
  9983 | Bailey   | Noticed an orc knight
  9998 | Bailey   | Killed an orc knight
 10422 | Bailey   | Noticed a kobold demonologist
 10423 | Bailey   | Noticed an orc sorcerer
 10454 | Bailey   | Killed an orc sorcerer
 10496 | Bailey   | Killed a kobold demonologist
 10497 | Bailey   | Found an iron altar of Okawaru.
 10566 | Bailey   | Reached skill level 10 in Invocations
 10571 | Bailey   | Reached **** piety under Makhleb
 10700 | Bailey   | Noticed an orc knight
 10772 | Bailey   | Killed an orc knight
 10772 | Bailey   | Reached skill level 14 in Axes
 10950 | Bailey   | Reached XP level 11. HP: 92/92 MP: 18/18
 10968 | Bailey   | Noticed an orc knight
 10972 | Bailey   | Identified the +7 hand axe of Fate {drain, *Rage rPois
                  | Str+2}
 11005 | Bailey   | Killed an orc knight
 12095 | D:9      | Noticed a tengu warrior
 12379 | D:9      | Noticed a centaur warrior
 12388 | D:9      | Killed a centaur warrior
 12388 | D:9      | Reached skill level 15 in Axes
 12985 | Lair:1   | Entered Level 1 of the Lair of Beasts
 13392 | Lair:1   | Reached ***** piety under Makhleb
 13674 | Lair:2   | Found a gate leading to a gauntlet.
 13692 | Gauntlet | Entered a Gauntlet
 13692 | Gauntlet | Found a transporter.
 13695 | Gauntlet | Found a transporter.
 13705 | Gauntlet | Noticed a hell hog
 13712 | Gauntlet | Found a transporter.
 13715 | Gauntlet | Found a transporter.
 13733 | Gauntlet | Found a transporter.
 13733 | Gauntlet | Noticed a moth of wrath
 13746 | Gauntlet | Found a transporter.
 13752 | Gauntlet | Found a transporter.
 13755 | Gauntlet | Found a transporter.
 13756 | Gauntlet | Noticed a hell hog
 13785 | Gauntlet | Found a transporter.
 13785 | Gauntlet | Found a transporter.
 13785 | Gauntlet | Found a transporter.
 13785 | Gauntlet | Noticed an orange crystal statue
 13787 | Gauntlet | Found a runed translucent door.
 13789 | Gauntlet | Noticed a wizard
 13792 | Gauntlet | Noticed a wizard
 13793 | Gauntlet | Found a transporter.
 13798 | Gauntlet | Found a runed translucent door.
 14037 | Gauntlet | Killed a hell hog
 14037 | Gauntlet | Reached XP level 12. HP: 51/101 MP: 20/20
 14044 | Gauntlet | Reached skill level 16 in Axes
 14062 | Gauntlet | Got a shimmering granite ring
 14065 | Gauntlet | Identified the ring of Lyaty {*Corrode rPois MR+ Dex+5}
                  | (You found it in a Gauntlet)
 14124 | Gauntlet | Mangled by a redback

Skill      XL: |  1  2  3  4  5  6  7  8  9 10 11 12 |
---------------+-------------------------------------+-----
Axes           | 5 6 7 8 9 11 12 14 15 16 | 16.0
Fighting       | 4 5 6 7 8 |  8.2
Armour         | 1 2 3 5 7 8 |  8.8
Stealth        | 2 |  2.1
Dodging        | 3 |  3.6
Invocations    | 2 8 10 11 | 11.9

Action                   |  1- 3 |  4- 6 |  7- 9 | 10-12 || total
-------------------------+-------+-------+-------+-------++-------
Melee: Hand axe          |   161 |   241 |   456 |       ||   858
       War axe           |       |       |   132 |   240 ||   372
       Battleaxe         |       |       |       |   281 ||   281
Throw: Stone             |     3 |    20 |     7 |       ||    30
       Tomahawk          |       |       |     1 |     2 ||     3
Invok: Minor Destruction |       |       |    90 |    61 ||   151
       Lesser Servant of |       |       |     1 |     7 ||     8
       Major Destruction |       |       |       |     5 ||     5
Evoke: Wand              |       |       |     6 |     3 ||     9
  Use: Scroll            |     5 |     2 |     1 |    14 ||    22
       Potion            |       |       |     3 |    20 ||    23
 Stab: Sleeping          |     3 |       |       |       ||     3
       Invisible         |       |       |       |     1 ||     1
  Eat: Chunk             |     2 |     6 |    16 |    15 ||    39
       Ration            |       |       |     1 |     1 ||     2
Armor: Leather armour    |    43 |       |       |       ||    43
       Scale mail        |       |   106 |   158 |   159 ||   423
       Plate armour      |       |       |    65 |   166 ||   231
       Skin              |       |       |       |     3 ||     3
Dodge: Dodged            |    92 |   109 |   187 |   238 ||   626
